Arrhythmia, chaotic female vampiric Convict -------------- ----- |.............###################0################################....| |............| |.@.| |............|###%######### #+.f.| |..%.........|# ## ###|...| ---+---.-|----# #------------- ######-...| ######### #|`.........`| ### -+--- #### #|.....`.....| ###### #### #|...-----...| #### ## # ##....|.{.|...| #### -------+-.----- ##|..`|{.{|`..| ####### |.............|########|...|.{.|...| # -.-.-------- |.............| #|...-.---...-################### |..........| |.............| #|..%..`.....| |......%...| |0............| #|`.........`| |.....%....| |.%...........%########------------- |..........| --------------- |.......>..| ------------ Arrhythmia the Jail-bird Experience level: 8 Strength: 14 Dexterity: 14 Constitution: 20 Intelligence: 11 Wisdom: 12 Charisma: 6 Health: 0(84) Energy: 57(57) AC: 6 Gold: 1234 Moves: 5288 Your Inventory: Coins $ - 1234 gold pieces Armor b - a cursed +0 striped shirt m - an uncursed +0 oilskin coarse mantelet [orcish cloak] (being worn) r - an [uncursed] +0 pair of hard shoes [iron] (being worn) s - an uncursed +0 hard hat [dwarvish iron helm] (being worn) z - an uncursed [+0] mummy wrapping D - an uncursed +0 apron [alchemy smock] Comestibles B - an uncursed Hot Futa Mare Dick named Lucky charm Scrolls f - 3 blessed unlabeled scrolls [of blank paper] h - an uncursed scroll labeled VERR YED HORRE [of identify] k - a cursed scroll labeled PRIRUTSENIE [of gold detection] l - an uncursed scroll labeled ACHAT SHTAYIM SHALOSH [of enchant weapon] n - a blessed scroll labeled PHOL ENDE WODAN [of earth] x - an uncursed unlabeled scroll [of blank paper] C - an uncursed scroll of create monster Potions g - an uncursed potion of oil o - an uncursed viscous potion [of paralysis] F - an uncursed golden potion [of hallucination] Rings a - a [cursed] ring of teleportation c - an [uncursed] copper ring [of stealth] (weapon in hand) j - an uncursed glass ring [of cold resistance] p - an uncursed wire ring [of regeneration] J - an uncursed emerald ring [of slow digestion] P - an [uncursed] moonstone ring [of free action] Q - an [uncursed] steel ring [of conflict] R - an [uncursed +1] silver ring [of increase damage] S - an [uncursed] emerald ring [of slow digestion] T - an [uncursed] glass ring [of cold resistance] U - an [uncursed] coral ring [of poison resistance] V - an [uncursed] iron ring [of protection from shape changers] W - a [cursed -4] silver ring [of increase damage] X - a [cursed -1] sapphire ring [of adornment] Y - an [uncursed +2] wooden ring [of increase accuracy] Z - a [cursed -1] wooden ring [of increase accuracy] Tools d - an [uncursed] blindfold e - an [uncursed] drum [leather] w - an uncursed looking glass [mirror] G - an uncursed [+0] pick-axe H - an uncursed skeleton key Iron balls i - an uncursed heavy iron ball Spells known in the end: Name Level Category Fail Memory Your skills at the end: Fighting Skills Weapon Skills sling [Basic / Skilled] Spellcasting Skills Final Attributes: You were piously aligned. Hunger level was 40. Your alignment was 36 / 36. Monster difficulty range was 1 - 7. Level difficulty was 7. You were immune to poison. You were immune to level-drain. You were immune to sickness. You could fly. You could survive without air. You regenerated. You were lucky (2). You are dead. Vanquished creatures: a black pudding 2 small mimics a large cat a leather golem a lynx a black light a gold golem a blue jelly a dust vortex a raven a fire ant a rock piercer 5 enormous rats a rock mole a yellow light a shrieker 3 gnome lords a kobold mummy a black naga hatchling a guardian naga hatchling a gray ooze a paper golem a wax golem a baby crocodile a little dog 4 floating eyes 3 kittens 6 dwarves a kobold shaman 3 rothes a giant bat a wererat 5 killer bees 2 acid blobs a gas spore 3 hobbits a manes 2 large kobolds a giant rat 4 cave spiders 2 yellow molds a green mold 23 gnomes 2 Keystone Kops 5 garter snakes 2 gnome zombies 2 geckos 6 jackals 2 foxes a kobold 4 goblins 2 sewer rats 3 grid bugs 3 bats 4 lichens 4 newts 136 creatures vanquished. Voluntary challenges: You went without food. You were illiterate. You never hit with a wielded weapon. You put on armor 5 times. You never genocided any monsters. You never polymorphed an object. You never changed form. You used no wishes. You abstained from Elbereth's help. You never encountered a bones level. You never used any Sokoban shortcuts. Dungeon overview: The Dungeons of Doom: levels 1 to 7 Level 1 (Succ) a sink a long staircase Level 2 an armor shop Level 3 some fountains stairs to The Gnomish Mines Level 6 a jewelry store, an altar to Tymora, a fountain Level 7 <- You were here many fountains The Gnomish Mines: levels 4 to 6 Level 4 stairs to The Dungeons of Doom History has recorded: On T:1 you entered the Dungeons of Doom to retrieve the Amulet of Yendor! On T:79 you advanced to experience level 2. On T:196 you advanced to experience level 3. On T:282 you reached level 2 of The Dungeons of Doom. On T:348 you reached level 3 of The Dungeons of Doom. On T:706 you advanced to experience level 4. On T:961 you advanced to experience level 5. On T:1432 you reached level 1 of The Gnomish Mines. On T:1442 you advanced to experience level 6. On T:1849 you reached level 2 of The Gnomish Mines. On T:1878 you advanced to experience level 7. On T:2340 you reached level 3 of The Gnomish Mines. On T:2631 you reached level 4 of The Dungeons of Doom. On T:2870 you reached level 5 of The Dungeons of Doom. On T:3449 you reached level 6 of The Dungeons of Doom. On T:3452 you advanced to experience level 8. On T:3792 you reached level 7 of The Dungeons of Doom. Latest messages: [2 turns] [HP+1=45] [HP+1=46] [HP+2=48] [2 turns] [HP+1=49] [HP+1=50] The large cat bites! (2x) [HP-5=45] [2 turns] The large cat bites! (2x) [HP-10=35] The large cat bites! [HP-2=33] The large cat bites! (2x) [HP-10=23] [2 turns] The large cat bites! (2x) [HP-8=15] The large cat bites! [HP-4=11] The large cat bites! (2x) You die... Final status: Goodbye Arrhythmia the Convict... You died in The Dungeons of Doom on dungeon level 7 with 7549 points, and 1234 pieces of gold, after 5288 moves. You were level 8 with a maximum of 84 hit points when you died.